 Dungeon Crawl Stone Soup version 0.28.0 (webtiles) character file.

Game seed: 4196434403649023655

850 Sanktem7 the Covered (level 7, 0/63 HPs)
             Began as a Minotaur Fighter on Feb 11, 2022.
             Slain by a gnoll (8 damage)
             ... on level 5 of the Dungeon.
             The game lasted 00:08:38 (4314 turns).

Sanktem7 the Covered (Minotaur Fighter)             Turns: 4314, Time: 00:08:39

Health: 0/63       AC:  9    Str: 22    XL:     7   Next: 69%
Magic:  6/6        EV:  9    Int:  3    God:
Gold:   280        SH:  4    Dex:  7    Spells: 6/6 levels left

rFire   . . .      SeeInvis .   l - +10 mace "Piwoura" {distort, +Blink rN+++ Int-2 Dex-3}
rCold   . . .      Faith    .   c - +0 buckler
rNeg    + + +      Spirit   .   b - +0 scale mail
rPois   .          Reflect  .   (helmet restricted)
rElec   .          Harm     .   (no cloak)
rCorr   .          Rampage  .   q - +0 pair of gloves
Will    .....                   (no boots)
Stlth   ..........              (no amulet)
HPRegen 0.20/turn               (no ring)
MPRegen 0.10/turn               (no ring)

@: no status effects
A: horns 2, retaliatory headbutt
a: Evoke Blink


You were on level 5 of the Dungeon.
You visited 1 branch of the dungeon, and saw 5 of its levels.

You collected 280 gold pieces.

Inventory:

Hand Weapons
 a - a +1 long sword
 l - the +10 mace "Piwoura" (weapon) {distort, +Blink rN+++ Int-2 Dex-3}
   (You found it on level 2 of the Dungeon)

   It warps and distorts space around it, and may blink, banish, or inflict
   extra damage upon those it strikes.
   Unwielding it can cause banishment or high damage.
   Int:       It affects your intelligence (-2).
   Dex:       It affects your dexterity (-3).
   rN:        It renders you almost immune to negative energy.
   +Blink:    It lets you blink.
Armour
 b - a +0 scale mail (worn)
 c - a +0 buckler (worn)
 q - a +0 pair of gloves (worn)
Jewellery
 n - an amulet of magic regeneration
Wands
 e - a wand of paralysis (10)
Scrolls
 g - 2 scrolls of vulnerability
 h - 4 scrolls of teleportation
 i - a scroll of torment {unknown}
 j - a scroll of enchant weapon
Potions
 d - 2 potions of might
 f - a potion of lignification
 k - a potion of cancellation {unknown}
 o - 3 potions of ambrosia {unknown}
 p - a potion of flight {unknown}
 r - 2 potions of mutation {unknown}


   Skills:
 * Level 6.1 Fighting
 - Level 2.7 Long Blades
 * Level 6.3 Maces & Flails
 * Level 7.2 Armour
 + Level 0.8 Dodging
 - Level 3.6 Shields


You had 6 spell levels left.
You didn't know any spells.
Your spell library contained the following spells:

 Spells                   Type           Power      Damage    Failure   Level
 Sandblast                Erth           0%         2d4       88%         1
 Ensorcelled Hibernation  Hex/Ice        0%         N/A       96%         2
 Passwall                 Tmut/Erth      0%         N/A       96%         2
 Spider Form              Tmut/Pois      0%         N/A       99%         3
 Stone Arrow              Conj/Erth      0%         3d7       99%         3
 Anguish                  Hex/Necr       0%         N/A       100%        4


Dungeon Overview and Level Annotations

Branches:
Dungeon (5/15)
 Temple: D:4-7

Altars:
Cheibriados
Dithmenos
Kikubaaqudgha
Nemelex Xobeh
Vehumet


Innate Abilities, Weirdness & Mutations

You have a pair of horns on your head.
You reflexively headbutt those who attack you in melee.


Message History

You sock the gnoll!
You kill the gnoll!
The gnoll sergeant hits you from afar with a +0 trident!
You block the gnoll's attack. The gnoll hits you but does no damage.
You thump the gnoll!
Space warps around the gnoll.
You kill the gnoll!
The gnoll sergeant hits you from afar with a +0 trident.
The gnoll hits you from afar with a +2 spear of venom.
You closely miss the hound skeleton. You headbutt the hound skeleton!
The hound skeleton is heavily damaged.
The hound skeleton bites you.
The gnoll sergeant hits you from afar with a +0 trident.
The gnoll hits you from afar with a +2 spear of venom.
You are poisoned.
The hound skeleton bites you but does no damage.
You hit the hound skeleton. You headbutt the hound skeleton!
You destroy the hound skeleton!
You feel very sick.
The gnoll sergeant hits you from afar with a +0 trident!
* * * LOW HITPOINT WARNING * * *
The gnoll hits you from afar with a +2 spear of venom!
* * * LOW HITPOINT WARNING * * *
You are lethally poisoned!
You feel better.
The gnoll sergeant hits you from afar with a +0 trident.
* * * LOW HITPOINT WARNING * * *
You block the gnoll's attack.
You feel better.
The gnoll sergeant hits you from afar with a +0 trident!
* * * LOW HITPOINT WARNING * * *
The gnoll misses you.
The gnoll sergeant hits you but does no damage.
You block the gnoll's attack.
There is an open door, spattered with blood here.
Items here: ))) †.
You barely miss the gnoll sergeant. You headbutt the gnoll sergeant.
The gnoll sergeant is lightly wounded.
You block the gnoll sergeant's attack.
The gnoll hits you with a +2 spear of venom!
You die...

#..# ##..## .... #..##
##...##
#...#####...#.## #.
#...##.........## #..
#...##.#......<.# #...
#..###'###+###'### #..#
##..#..#.......#..##..#
##...#..#.......#..#..#
#....'..+###+###@g.'.#
.....#..#.+...'.#g.#.#
####.#..#.#...#.#..###
# #.'##'.#._.#.'##'.#
#.#..#.#...#.#..#.##
#.#..#.+...+.#..#..#
#.+..'###+###'..'..#
###..#.......#..#..#
#..#.......#..#..#


You could see a gnoll sergeant and a gnoll.

Vanquished Creatures
  A sky beast (D:5)
  An ogre (D:4)
  A phantom (D:5)
  The ghost of js333 the Conjurer, an amateur DECj (D:3)
  A bullfrog zombie (D:4)
  A gnoll shaman (D:4)
  Jessica (D:3)
  Terence (D:3)
  2 iguanas
  An orc wizard (D:3)
  Natasha (thrice) (D:3)
  2 hound skeletons
  8 gnolls
  2 adders
  A white imp (D:3)
  A worm (D:3)
  2 dart slugs
  6 orcs
  5 ball pythons
  An endoplasm (D:2)
  A giant cockroach (D:1)
  7 goblins
  4 hobgoblins
  3 quokkas
  4 bats
  3 kobolds
  3 rats
67 creatures vanquished.

Vanquished Creatures (others)
  A fungus (D:3)
  3 plants (D:2)
  2 withered plants (D:3)
6 creatures vanquished.

Grand Total: 73 creatures vanquished

Notes
Turn   | Place    | Note
-------+----------+-------------------------------------------
     0 | D:1      | Sanktem7 the Minotaur Fighter began the quest for the Orb.
     0 | D:1      | Reached XP level 1. HP: 19/19 MP: 0/0
   229 | D:1      | Found a faded altar of an unknown god.
   856 | D:2      | Reached XP level 2. HP: 27/27 MP: 1/1
  1029 | D:2      | Reached skill level 4 in Armour
  1325 | D:2      | Identified the +10 mace "Piwoura" {distort, +Blink rN+++
                  | Int-2 Dex-3}
  1363 | D:3      | Noticed Jessica
  1369 | D:3      | Killed Jessica
  1370 | D:3      | Reached XP level 3. HP: 34/34 MP: 2/2
  1373 | D:3      | Reached skill level 1 in Maces & Flails
  1417 | D:3      | Reached XP level 4. HP: 37/41 MP: 3/3
  1460 | D:3      | Noticed Natasha
  1465 | D:3      | Killed Natasha
  1466 | D:3      | Reached skill level 5 in Fighting
  1546 | D:3      | Found an ancient bone altar of Kikubaaqudgha.
  1558 | D:3      | Noticed Terence
  1567 | D:3      | Killed Terence
  1568 | D:3      | Reached XP level 5. HP: 29/48 MP: 4/4
  1933 | D:3      | Found a sparkling altar of Nemelex Xobeh.
  1972 | D:3      | Found a radiant altar of Vehumet.
  2166 | D:3      | Found a runed translucent door.
  2166 | D:3      | Noticed js333's ghost (amateur DECj)
  2311 | D:3      | Noticed Natasha
  2319 | D:3      | Killed Natasha
  2320 | D:3      | Reached skill level 5 in Armour
  2428 | D:3      | Noticed Natasha
  2433 | D:3      | Killed Natasha
  2584 | D:3      | Killed js333's ghost
  2585 | D:3      | Reached XP level 6. HP: 24/56 MP: 5/5
  2969 | D:4      | Reached skill level 5 in Maces & Flails
  3240 | D:4      | Reached skill level 6 in Armour
  3322 | D:4      | Reached XP level 7. HP: 62/62 MP: 6/6
  3659 | D:4      | Found a shadowy altar of Dithmenos.
  3828 | D:5      | Entered Level 5 of the Dungeon
  3887 | D:5      | Reached skill level 7 in Armour
  4168 | D:5      | Found a snail-covered altar of Cheibriados.
  4314 | D:5      | Slain by a gnoll

Illustrated notes

Levels and vault maps discovered:
D:1:      enne_arrival_octagon_isle, layout_loops_ring,
          ebering_ecumenical_altar_rust
D:2:      cheibrodos_old_hovel, layout_loops_cross, fountainhead
D:3:      layout_loops_ring, nemelex_diamond_rough_becter,
          nicolae_vehumet_altar_sigil, mainiacjoe_overflow_boulevard,
          gammafunk_ghost_grave, hex_large, kennysheep_small_spiral,
          uniq_natasha, uniq_jessica, uniq_terence
D:4:      layout_loops_ring, grunt_dithmenos_smoke_and_mirrors,
          minmay_misc_feat_roman, patterned_corridor
D:5:      layout_layer_cave, mainiacjoe_overflow_24_doors,
          minmay_temple_entry_proselytizer

Skill      XL: |  1  2  3  4  5  6  7 |
---------------+----------------------+-----
Fighting       | 4 5 6 |  6.1
Armour         | 4 5 6 7 |  7.2
Maces & Flails | 1 2 3 5 6 |  6.3
Long Blades    | |  2.7
Dodging        | |  0.8
Shields        | |  3.6

Action                   |  1- 3 |  4- 6 |  7- 9 || total
-------------------------+-------+-------+-------++-------
Melee: Long sword        |    32 |       |       ||    32
       Headbutt          |     4 |     7 |     4 ||    15
       Mace              |     7 |    67 |    22 ||    96
  Use: Scroll            |       |     8 |       ||     8
       Potion            |       |       |     2 ||     2
Armor: Scale mail        |    25 |    29 |    10 ||    64
Dodge: Dodged            |    15 |    19 |    15 ||    49
Block: Buckler           |     2 |    11 |     7 ||    20
